 Dungeon Crawl Stone Soup version 0.18.1-8-gdd0e5ea (webtiles) character file.

98 zeroDi the Sneak (level 4, -3/23 HPs)
             Began as a Vine Stalker Assassin on May 21, 2016.
             Killed by divine providence
             ... invoked by an orc priest
              (9 damage)
             ... on level 3 of the Dungeon.
             The game lasted 00:02:46 (1680 turns).

zeroDi the Sneak (Vine Stalker Assassin)            Turns: 1680, Time: 00:02:47

Health: -3/23      AC:  3    Str: 14    XL:     4   Next: 69%
Magic:  0/5        EV: 11    Int: 11    God:
Gold:   179        SH:  0    Dex: 16    Spells: 0 memorised, 3 levels left

rFire  . . .     SeeInvis .     a - +5 short sword
rCold  . . .     Gourm    .     c - +0 robe
rNeg   . . .     Faith    .     (no shield)
rPois  .         Spirit   +     (no helmet)
rElec  .         Dismiss  .     d - +0 cloak
rCorr  .         Reflect  .     (no gloves)
SustAt .         Harm     .     (no boots)
MR     .....                    (no amulet)
Stlth  +++.......               (no ring)
                                (no ring)

@: not resistant to hostile enchantments, fairly stealthy
A: fangs 2, regeneration 1, magic shield, antimagic bite, no device heal 3, rot
immunity
a: no special abilities


You were on level 3 of the Dungeon.
You were not hungry.

You visited 1 branch of the dungeon, and saw 3 of its levels.

You collected 179 gold pieces.


Innate Abilities, Weirdness & Mutations

You have extremely sharp teeth.
Your natural rate of healing is unusually fast.
When hurt, damage is shared between your health and your magic reserves.
Your bite disrupts and absorbs the magic of your enemies.
Potions and wands cannot restore your health.
You are immune to rotting.


   Skills:
 - Level 1.7 Fighting
 + Level 4.3 Short Blades
 - Level 1.7 Throwing
 - Level 0.7 Dodging
 - Level 4.8 Stealth


You had 3 spell levels left.
You didn't know any spells.

Inventory:

Hand Weapons
 a - a +5 short sword (weapon)
 b - a +0 blowgun
 p - a +2 dagger
Missiles
 e - 5 poisoned needles
 f - 2 curare-tipped needles {=f}
Armour
 c - a +0 robe (worn)
 d - a +0 cloak (worn)
Jewellery
 i - an uncursed ring of fire {unknown}
 u - an uncursed amulet of harm {unknown}
Wands
 m - a wand of confusion (23/48)
Scrolls
 l - a scroll of identify {unknown}
 o - 2 scrolls of remove curse {unknown}
 q - a scroll of fog {unknown}
 v - a scroll of blinking {unknown}
Potions
 j - 2 potions of ambrosia {unknown}
 k - a potion of brilliance {unknown}
 r - a potion of cure mutation {unknown}
 s - a potion of agility {unknown}
Comestibles
 g - 2 bread rations
 h - a beef jerky
 n - a royal jelly
 t - a chunk of flesh

Dungeon Overview and Level Annotations

Branches:
Dungeon (3/15)

Altars:
Fedhas

.......#.### .......#.#
..######.# . #.## #.# ..
#..#####+####### ...
##.##..........# ..).
#.##..........# [....
#..#..........####(o...$
##.####+#......@owoo....
#.# #.#.########o.....
#.## #.#.# ..... #..#
#.#.# ##########
####.###.#.#####......#
......................#
+####.##.#.#####......#
.......#.#.# #...†..#
.....#.#.#.# #......#


You could see an orc priest, an orc wizard, a dart slug and 3 orcs.


Message History

Press: ? - help, Shift-Dir - straight line, f/p - orc wizard
Aim: an orc wizard, wielding a dagger and wearing a robe (moderately wounded, poisoned)
You shoot a poisoned needle. The poisoned needle hits the orc.
The orc is poisoned.
a - a +5 short sword (weapon)
You hit the orc wizard.
The orc wizard is heavily wounded.
The orc wizard closely misses you.
You hit the orc wizard. Your bite misses the orc wizard.
The orc wizard is almost dead.
You kill the orc wizard!
Your Short Blades skill increases to level 4!
You hit the orc.
You kill the orc!
The orc priest invokes the aid of Beogh against you.
Beogh smites you!
* * * LOW HITPOINT WARNING * * *
The orc priest invokes the aid of Beogh against you.
Beogh smites you!
You die...

Action                   |  1- 3 |  4- 6 || total
-------------------------+-------+-------++-------
Melee: Dagger            |    81 |       ||    81
       Bite              |    20 |     3 ||    23
       Short sword       |    28 |    16 ||    44
 Fire: Blowgun           |       |     3 ||     3
 Stab: Sleeping          |    15 |     4 ||    19
  Eat: Chunk             |     1 |     1 ||     2
Armor: Robe              |    17 |     1 ||    18
Dodge: Dodged            |    44 |     6 ||    50

Vault maps used:
D:1:      onia_arrival_pyramid
D:2:      fedhas_altar_1
D:3:      first_bread, minmay_bad_closet

Notes
Turn   | Place    | Note
--------------------------------------------------------------
     0 | D:1      | zeroDi the Vine Stalker Assassin began the quest for the Orb.
     0 | D:1      | Reached XP level 1. HP: 11/11 MP: 2/2
    25 | D:1      | Reached skill level 2 in Short Blades
   152 | D:1      | Reached XP level 2. HP: 15/15 MP: 3/3
   433 | D:1      | Reached skill level 3 in Short Blades
   463 | D:1      | Reached XP level 3. HP: 18/18 MP: 4/4
   861 | D:2      | Found a blossoming altar of Fedhas.
  1382 | D:3      | Reached XP level 4. HP: 12/23 MP: 2/5
  1678 | D:3      | Reached skill level 4 in Short Blades
  1680 | D:3      | Killed from afar by an orc priest

Vanquished Creatures
  An orc wizard (D:3)
  3 worms
  3 dart slugs (D:1)
  A giant gecko (D:2)
  2 orcs (D:3)
  2 giant cockroaches
  5 hobgoblins
  4 jackals
  11 kobolds
  A quokka (D:3)
  7 bats
  2 giant newts (D:2)
  7 goblins
  6 rats
55 creatures vanquished.
